 Dungeon Crawl Stone Soup version 0.29-a0-22-gbf593b16ee (webtiles) character file.

Game seed: 10884094077164991366

11563 gruber the Destroyer (level 11, -6/97 HPs)
             Began as a Pale Draconian Conjurer on Jan 29, 2022.
             Was a Priest of Vehumet.
             Mangled by a death knight (25 damage)
             ... on level 11 of the Dungeon.
             The game lasted 00:15:57 (14361 turns).

gruber the Destroyer (Pale Draconian Conjurer)     Turns: 14361, Time: 00:15:58

Health: -6/97      AC: 17    Str:  9    XL:     11   Next: 51%
Magic:  9/18       EV: 28    Int: 28    God:    Vehumet [***...]
Gold:   261        SH:  5    Dex: 11    Spells: 15/20 levels left

rFire   . . .      SeeInvis .   G - staff of conjuration
rCold   . . .      Faith    .   B - +0 buckler
rNeg    . . .      Spirit   .   (armour unavailable)
rPois   .          Reflect  .   (helmet restricted)
rElec   .          Harm     .   Q - +1 cloak
rCorr   .          Rampage  .   J - +0 pair of gloves
Will    .....                   R - +2 pair of boots {Fly}
Stlth   ++........              I - amulet of the acrobat
HPRegen 0.26/turn               m - +6 ring of intelligence
MPRegen 0.16/turn               K - +4 ring of protection

@: acrobatic, flying
A: breathe steam, AC +7, unfitting armour, cold-blooded, steam resistance
a: Breathe Steam, Renounce Religion


You were on level 11 of the Dungeon.
You worshipped Vehumet.
Vehumet was most pleased with you.
You visited 2 branches of the dungeon, and saw 12 of its levels.

You collected 801 gold pieces.
You spent 540 gold pieces at shops.

Inventory:

Hand Weapons
 s - a +2 vorpal flail
Missiles
 N - a throwing net
Armour
 B - a +0 buckler (worn)
 J - a +0 pair of gloves (worn)
 Q - a +1 cloak (worn)
 R - a +2 pair of boots of flying (worn)
Magical Staves
 G - a staff of conjuration (weapon)
Jewellery
 m - a +6 ring of intelligence (left hand)
 C - a ring of positive energy
 H - a ring of protection from cold
 I - an amulet of the acrobat (around neck)
 K - a +4 ring of protection (right hand)
 O - a ring of flight
Wands
 k - a wand of polymorph (4)
 q - a wand of paralysis (8)
 r - a wand of digging (7)
 t - a wand of iceblast (8)
 x - a wand of flame (47)
Scrolls
 a - 3 scrolls of blinking
 d - 3 scrolls of amnesia {unknown}
 e - a scroll of acquirement {unknown}
 f - a scroll of torment {unknown}
 g - 2 scrolls of fear {unknown}
 h - 9 scrolls of identify
 i - 2 scrolls of noise {unknown}
 o - a scroll of silence {unknown}
 v - a scroll of vulnerability {unknown}
 w - a scroll of holy word {unknown}
 z - a scroll of teleportation {unknown}
 D - a scroll of enchant armour {unknown}
 F - 4 scrolls of immolation {unknown}
Potions
 b - 3 potions of flight {unknown}
 c - 2 potions of curing {unknown}
 j - a potion of attraction {unknown}
 l - a potion of heal wounds {unknown}
 n - 2 potions of lignification {unknown}
 p - 3 potions of might {unknown}
 u - 3 potions of berserk rage {unknown}
 A - a potion of cancellation {unknown}
 E - 3 potions of degeneration {unknown}
 L - a potion of haste {unknown}
 M - a potion of ambrosia {unknown}
 P - a potion of magic {unknown}


   Skills:
 - Level 9.1 Fighting
 - Level 6.3 Dodging
 - Level 1.7 Stealth
 - Level 7.6 Shields
 - Level 5.1 Spellcasting
 * Level 12.1 Conjurations
 - Level 2.0 Air Magic
 - Level 2.0 Poison Magic


You had 15 spell levels left.
You knew the following spells:

 Your Spells              Type           Power      Damage    Failure   Level
a - Magic Dart            Conj           100%       1d8       1%          1
b - Searing Ray           Conj           100%       2d8       1%          2
c - Poisonous Vapours     Pois/Air       36%        N/A       1%          2

Your spell library contained the following spells:

 Spells                   Type           Power      Damage    Failure   Level
 Olgreb's Toxic Radiance  Pois           18%        N/A       10%         4
 Dazzling Flash           Conj/Hex       100%       N/A       1%          3
 Fulminant Prism          Conj/Hex       29%        3d14      1%          4
 Iskenderun's Mystic Bla  Conj/Tloc      58%        2d12      1%          4
 Beastly Appendage        Tmut           14%        N/A       9%          1
 Corpse Rot               Necr/Air       26%        N/A       9%          2
 Wereblood                Tmut           7%         N/A       12%         2
 Spider Form              Tmut/Pois      12%        N/A       16%         3
 Iron Shot                Conj/Erth      29%        9d6       26%         6
 Eringya's Noxious Bog    Tmut/Pois      6%         N/A       87%         6
 Blade Hands              Tmut           3%         N/A       92%         5
 Summon Forest            Summ/Tloc      3%         N/A       92%         5
 Statue Form              Tmut/Erth      4%         N/A       100%        6
 Storm Form               Tmut/Air       6%         N/A       100%        7
 Summon Hydra             Summ           3%         N/A       100%        7
 Animate Armour           Summ/Erth      Unusable   N/A       N/A         4

Dungeon Overview and Level Annotations

Branches:
Dungeon (11/15)            Temple (1/1) D:4            Lair (0/6) D:9
    Orc: D:9-12

Altars:
Ashenzari
Cheibriados
Dithmenos
Elyvilon
Fedhas
Gozag
Hepliaklqana
Kikubaaqudgha
Qazlal
Ru
Sif Muna
Trog
Uskayaw
Vehumet
Wu Jian
Xom
Yredelemnul
Zin
The Shining One

Shops:
D:3 *   D:10 *   D:11 [[

Annotations:
D:10 3 runed translucent doors, 2 transporters


Innate Abilities, Weirdness & Mutations

You can breathe blasts of scalding, opaque steam.
Your pale cyan-grey scales are hard. (AC +7)
You cannot fit into any form of body armour.
You are cold-blooded and may be slowed by cold attacks.
You are immune to the effects of steam.


Message History

The death knight is moderately wounded. (Press . to maintain the ray.)
The death knight is engulfed in a cloud of scalding steam.
The death knight mumbles some strange prayers to Yredelemnul against you.
Your body is wracked with pain!
Unknown command.
The searing ray hits the death knight!
The death knight is heavily wounded.
The searing ray hits the death knight.
The death knight is heavily wounded.
The death knight barely misses you.
The searing ray hits the death knight.
The death knight is severely wounded.
You finish channelling your searing ray.
The death knight barely misses you.
Unknown command.
Unknown command.
Casting: Searing Ray (safe; 1% risk of failure)
Confirm with . or Enter, or press ? or * to list all spells.
Aiming: Searing Ray (safe; 1% risk of failure)
Press: ? - help, Shift-Dir - straight line, f/p - death knight
Aim: a death knight, wielding a +3 battleaxe and wearing a +0 chain mail (severely wounded, 83% to hit)
You feel a surge of power!
The searing ray hits the death knight.
The death knight is severely wounded. (Press . to maintain the ray.)
The death knight hits you with a +3 battleaxe!
The searing ray hits the death knight!
The death knight is severely wounded.
The death knight misses you.
The searing ray hits the death knight!
The death knight is almost dead.
The death knight invokes the aid of Yredelemnul against you.
Your body is wracked with pain!
* * * LOW HITPOINT WARNING * * *
The searing ray hits the death knight.
The death knight is almost dead.
You finish channelling your searing ray.
You have got your breath back.
The death knight hits you with a +3 battleaxe!!
You die...

### ### #.#
#######.## #.####
##........## ##.#..
#.[p@###...######...#
.## ##.####
###........###
....####..#
#...#####.# #......##
##..## ### ####...##
##..## ###p.# ##..##
#..#####..##
##....#...#
#p..ยง...##


You could see a death knight.

Vanquished Creatures
  A yaktaur captain (D:9)
  2 centaur warriors
  Erica (D:9)
  A two-headed ogre (D:10)
  A flayed ghost (D:9)
  A manticore (D:9)
  Maggie (D:9)
  An unseen horror (D:11)
  An efreet (D:9)
  A wraith (D:10)
  A wyvern (D:8)
  A shadow (D:9)
  16 yaks
  3 steam dragons
  A basilisk (D:9)
  2 vampire mosquitoes (D:10)
  Edmund (D:5)
  Menkaure (D:6)
  An ice beast (D:6)
  2 black bears
  3 orc warriors
  An ogre (D:6)
  A centaur (D:9)
  3 kobold brigands
  3 bullfrogs
  3 scorpions
  A gnoll sergeant (D:9)
  A water moccasin zombie (D:6)
  5 killer bees (D:9)
  2 howler monkeys (D:10)
  A bullfrog zombie (D:6)
  6 centaur zombies
  2 gnoll shamans
  4 jellies
  5 orc priests
  A centaur skeleton (D:5)
  2 hounds
  3 bullfrog skeletons
  Ijyb (D:5)
  Terence (D:2)
  2 iguanas
  Natasha (thrice) (D:2)
  12 orc wizards
  A hound skeleton (D:4)
  3 howler monkey zombies
  15 gnolls
  6 adders
  A white imp (D:8)
  An ufetubus (D:7)
  A worm (D:3)
  5 dart slugs
  26 orcs
  6 ball pythons
  6 bats
  4 endoplasms
  A giant cockroach (D:1)
  2 goblins (D:1)
  8 hobgoblins
  2 jackals (D:2)
  4 quokkas
  2 frilled lizards
  15 kobolds
  6 rats
221 creatures vanquished.

Vanquished Creatures (others)
  14 fungi (D:9)
  8 plants
22 creatures vanquished.

Grand Total: 243 creatures vanquished

Notes
Turn   | Place    | Note
-------+----------+-------------------------------------------
     0 | D:1      | gruber the Draconian Conjurer began the quest for the Orb.
     0 | D:1      | Reached XP level 1. HP: 14/14 MP: 3/3
    97 | D:1      | Got the Collected Works on Moulding
   251 | D:1      | Reached XP level 2. HP: 20/20 MP: 1/5
   366 | D:1      | Found a faded altar of an unknown god.
  1074 | D:1      | Reached skill level 5 in Conjurations
  1074 | D:1      | Reached XP level 3. HP: 26/26 MP: 2/6
  1077 | D:1      | Learned a level 2 spell: Searing Ray
  1750 | D:2      | Noticed Natasha
  1756 | D:2      | Killed Natasha
  1757 | D:2      | Reached XP level 4. HP: 33/33 MP: 3/7
  1884 | D:2      | Noticed Terence
  1889 | D:2      | Killed Terence
  1890 | D:2      | Reached skill level 6 in Conjurations
  1980 | D:2      | Noticed Natasha
  1986 | D:2      | Killed Natasha
  1987 | D:2      | Reached XP level 5. HP: 38/38 MP: 3/8
  2142 | D:2      | Noticed Natasha
  2144 | D:2      | Killed Natasha
  2478 | D:3      | Found a glowing silver altar of Zin.
  2777 | D:3      | Found Jutheur's Assorted Antiques.
  3212 | D:4      | Found a staircase to the Ecumenical Temple.
  3307 | Temple   | Entered the Ecumenical Temple
  3337 | Temple   | Became a worshipper of Vehumet
  3566 | D:4      | Noticed a black bear
  3612 | D:4      | Killed a black bear
  3613 | D:4      | Reached XP level 6. HP: 34/45 MP: 3/12
  3858 | D:4      | Reached skill level 1 in Fighting
  4093 | D:4      | Found a sacrificial altar of Ru.
  4157 | D:5      | Entered Level 5 of the Dungeon
  4609 | D:5      | Noticed Edmund
  4692 | D:5      | Your scales start taking on a pale cyan-grey colour.
  4692 | D:5      | Reached XP level 7. HP: 58/58 MP: 8/13
  4692 | D:5      | Gained mutation: You are immune to the effects of steam.
                  | [Pale Draconian growth]
  4833 | D:5      | Noticed Ijyb
  4839 | D:5      | Killed Ijyb
  4857 | D:5      | Learned a level 2 spell: Poisonous Vapours
  5026 | D:5      | Killed Edmund
  5027 | D:5      | Reached skill level 1 in Air Magic
  5027 | D:5      | Reached skill level 1 in Poison Magic
  5233 | D:5      | Found a shimmering altar of Xom.
  5583 | D:6      | Reached * piety under Vehumet
  5583 | D:6      | Offered knowledge of Freeze by Vehumet.
  5735 | D:6      | Noticed Menkaure
  5740 | D:6      | Killed Menkaure
  5741 | D:6      | Reached skill level 7 in Conjurations
  5741 | D:6      | Reached XP level 8. HP: 37/66 MP: 6/14
  6134 | D:6      | Reached skill level 8 in Conjurations
  6410 | D:6      | Found a snail-covered altar of Cheibriados.
  6679 | D:6      | Reached skill level 9 in Conjurations
  7106 | D:6      | Reached skill level 10 in Conjurations
  8357 | D:8      | Reached skill level 5 in Spellcasting
  8357 | D:8      | Reached XP level 9. HP: 64/71 MP: 9/16
  8485 | D:8      | Reached ** piety under Vehumet
  8485 | D:8      | Offered knowledge of Shock by Vehumet.
  8510 | D:8      | Found a broken altar of Ashenzari.
  8669 | D:8      | Reached skill level 1 in Shields
  9035 | D:8      | Noticed a centaur warrior
  9044 | D:8      | Killed a centaur warrior
  9045 | D:8      | Reached skill level 5 in Shields
  9748 | D:9      | Found a runed translucent door.
  9841 | D:9      | Reached skill level 5 in Fighting
  9906 | D:9      | Reached XP level 10. HP: 81/81 MP: 14/17
  9975 | D:9      | Found a stormy altar of Qazlal.
  9977 | D:9      | Found a bloodstained altar of Trog.
 10289 | D:9      | Noticed Maggie
 10297 | D:9      | Killed Maggie
 10491 | D:9      | Found a staircase to the Lair.
 10894 | D:9      | Noticed Erica
 10917 | D:8      | Offered knowledge of Inner Flame by Vehumet.
 10949 | D:9      | Killed Erica
 10975 | D:9      | Found a shadowy altar of Dithmenos.
 11120 | D:9      | Noticed a centaur warrior
 11131 | D:9      | Killed a centaur warrior
 11416 | D:9      | Noticed a manticore
 11420 | D:9      | Killed a manticore
 11421 | D:9      | Reached skill level 5 in Dodging
 11487 | D:9      | Noticed a yaktaur captain
 11487 | D:9      | Noticed a flayed ghost
 11628 | D:9      | Killed a yaktaur captain
 11757 | D:9      | Killed a flayed ghost
 11758 | D:9      | Reached XP level 11. HP: 92/97 MP: 12/18
 11832 | D:9      | Identified the +8 hunting sling "Pihel" {flame, +Blink
                  | Will- Dex+6}
 11902 | D:10     | Entered Level 10 of the Dungeon
 11902 | D:10     | Found a hide-covered altar of Uskayaw.
 11999 | D:10     | Reached *** piety under Vehumet
 12078 | D:10     | Found a runed translucent gate.
 12078 | D:10     | Found a runed translucent gate.
 12078 | D:10     | Found a runed translucent gate.
 12078 | D:10     | Noticed a swamp dragon
 12078 | D:10     | a swamp dragon changed into a culicivora
 12078 | D:10     | Noticed a green ugly thing
 12078 | D:10     | Noticed a green ugly thing
 12079 | D:10     | Noticed a red ugly thing
 12079 | D:10     | Noticed a brown ugly thing
 12079 | D:10     | Noticed a brown ugly thing
 12100 | D:10     | Found a transporter.
 12101 | D:10     | Noticed a sphinx
 12102 | D:10     | Noticed a white ugly thing
 12103 | D:10     | Found a glowing golden altar of the Shining One.
 12104 | D:10     | Noticed a death knight
 12105 | D:10     | Noticed an ogre mage
 12255 | D:10     | Found a transporter.
 12472 | D:10     | Found an ancient bone altar of Kikubaaqudgha.
 12473 | D:10     | Found a white marble altar of Elyvilon.
 12828 | D:10     | Found Watugr Seus's General Store.
 12982 | D:10     | Noticed a two-headed ogre
 13012 | D:10     | Killed a two-headed ogre
 13013 | D:10     | Reached skill level 11 in Conjurations
 13019 | D:10     | Offered knowledge of Olgreb's Toxic Radiance by Vehumet.
 13324 | D:11     | Found Aneub's Armour Boutique.
 13621 | D:11     | Found Fyr Fex's Antique Armour Boutique.
 13629 | D:11     | Bought a glowing cloak for 270 gold pieces
 13629 | D:11     | Bought a pair of glowing boots for 270 gold pieces
 13879 | D:11     | Reached skill level 12 in Conjurations
 14116 | D:11     | Noticed a death knight
 14361 | D:11     | Mangled by a death knight

Illustrated notes

Levels and vault maps discovered:
D:1:      dpeg_arrival_tiny_i, layout_basic, shapermc_ecumenical_altar_gd
D:2:      layout_rooms, serial_bayou_crossing, uniq_terence, uniq_natasha
D:3:      layout_rooms, mainiacjoe_overflow_paths, serial_shops, shop,
          grunt_ministairs_6, hex_medium, serial_park_tiny_2, minmay_between
D:4:      layout_gridville, nicolae_ru_path_of_blood,
          minmay_temple_entry_mini_moons, nrook_uturn
D:5:      layout_loops_ring, xom_butterflies, minivault_27, uniq_ijyb,
          uniq_edmund
D:6:      layout_loops_corners, mainiacjoe_overflow_small_starburst,
          minmay_splitting_lines, corexii_item_surrounded_by_moat,
          eino_curves_03, chequers_serial_rivers_room_b,
          kennysheep_small_circle, uniq_menkaure
D:7:      layout_basic
D:8:      layout_basic, evilmike_ruin_ashenzari
D:9:      layout_loops_cross, grunt_dithmenos_shadows,
          mainiacjoe_overflow_catwalk_spiral, grunt_lair_entry_orc_guard_hut,
          minivault_13, uniq_maggie, uniq_erica
D:10:     layout_long_grid, gammafunk_temple_overflow_arena,
          nicolae_uskayaw_dance_hall, jmf_multi_god_temple,
          ploomutoo_gammafunk_ghost_potion_laboratory, serial_shops, shop,
          minmay_door_square, minivault_22
D:11:     layout_layer_cave, kennysheep_orc_monster_closet_entryway,
          serial_shops, shop_fountains, shop
Temple:   compressed_dpeg_circular_temple

Skill      XL: |  1  2  3  4  5  6  7  8  9 10 11 |
---------------+----------------------------------+-----
Conjurations   | 5 6 7 10 12 | 12.1
Spellcasting   | 4 5 |  5.1
Fighting       | 3 4 5 9 |  9.1
Dodging        | 2 6 |  6.3
Air Magic      | 2 |  2.0
Poison Magic   | 2 |  2.0
Shields        | 7 |  7.6
Stealth        | |  1.7

Action                   |  1- 3 |  4- 6 |  7- 9 | 10-12 || total
-------------------------+-------+-------+-------+-------++-------
Melee: Falchion          |    39 |     1 |       |       ||    40
       Tailslap          |     3 |     4 |     4 |     3 ||    14
       Unarmed           |     1 |       |       |       ||     1
       Long sword        |       |    29 |       |       ||    29
       Trident           |       |     9 |       |       ||     9
       Flail             |       |       |    33 |       ||    33
       Punch             |       |       |     2 |       ||     2
       Staff             |       |       |     3 |    15 ||    18
 Cast: Magic Dart        |    38 |    66 |    29 |    62 ||   195
       Searing Ray       |     1 |    14 |    41 |    54 ||   110
 Abil: Breathe Steam     |       |       |    14 |    26 ||    40
  Use: Scroll            |       |       |       |     1 ||     1
 Stab: Sleeping          |     2 |     1 |       |     1 ||     4
Armor: Skin              |    10 |    20 |    34 |    22 ||    86
Dodge: Dodged            |    23 |    46 |    71 |    81 ||   221
Block: Buckler           |       |       |     4 |    33 ||    37

Table legend: (Time is in decaauts)
 A = Elapsed time spent in this place.
 B = Non-inter-level travel time spent in this place.
 C = Inter-level travel time spent in this place.
 D = Time resting spent in this place.
 E = Time spent auto-exploring this place.
 F = Levels seen in this place.
 G = Mean time per level.
                   A        B        C        D        E       F      G
               +--------+--------+--------+--------+--------+-----+--------+
         Total |  14421 |  13905 |    516 |    172 |  12056 |  12 | 1201.8 |
       Dungeon |  14376 |  13876 |    500 |    172 |  12034 |  11 | 1306.9 |
        Temple |     45 |     30 |     15 |      0 |     22 |   1 |   45.0 |
               +--------+--------+--------+--------+--------+-----+--------+

Top non-repeatable levels by time:
     D:9: 2070 daAuts
     D:6: 1807 daAuts
     D:8: 1602 daAuts
    D:10: 1461 daAuts
     D:1: 1423 daAuts
     D:5: 1292 daAuts
     D:7: 1001 daAuts
    D:11: 998 daAuts
     D:4: 956 daAuts
     D:3: 922 daAuts
     D:2: 840 daAuts
  Temple: 45 daAuts
